AoeStats
← Clay

Glade

510301528Analyzed
1v1 RM · 2d ago on Sep 30, 2026· 38m 29s· 2 players
Game mode
Random Map
Map size
Tiny (2 player)
Population
200
Speed
Normal
Resources
Standard
Victory
Conquest
Starting age
Dark Age
Ending age
Imperial Age
RankedLock teamsTeams togetherTeam positionsShared explorationLock speedFull tech treeHidden civsTurbo modeCheats
Victory
Defeat
🇮🇳 Mongols · India
1084
+15
🇬🇧 Spanish · United Kingdom
1061
-15
raghuvlk
0:30 Loom
14:05 Feudal Age
18:14 Castle Age
25:39 Padded Archer Armor
30:26 Fletching
36:05 Imperial Age
35:43 Bloodlines
Clay
6:44 Loom
9:17 Feudal Age
10:46 Double-Bit Axe
10:43 Horse Collar
11:43 Man-at-Arms
12:09 Arson
15:05 Scale Mail Armor
17:21 Forging
18:36 Town Watch
21:47 Castle Age
23:38 Wheelbarrow
23:20 Elite Skirmisher
23:57 Fletching
24:08 Padded Archer Armor
24:37 Bodkin Arrow
25:43 Leather Archer Armor
34:13 Imperial Age
32:33 Gold Mining
32:34 Stone Mining
33:55 Masonry
34:52 Ballistics
36:17 Gold Shaft Mining
35:53 Bracer
38:07 Light Cavalry
38:58 Bloodlines
Connection lost

Rejoining the realm…

Still unreachable

The connection could not be restored.

Session expired

The server has moved on; the page needs a fresh start.